Map: Nightshade LE

Players

ViBE - Winner!

  • Race: Zerg Zerg
  • League: Gold
  • Spawn Location: 11:00

SuhaleS

  • Race: Protoss Protoss
  • League: Platinum
  • Spawn Location: 5:00

VOD

Have the link to the VOD?

Description

Time

  • Played on: Dec. 8, 2019, 8:59 p.m.
  • Length: 11:09
Show
View Real Time Build Order
Export as new Build Order

ViBE Zerg - Winner!

Build Orders: Hatch First 

Get SALT Encoding   

  12  0:01  Drone  
  13  0:13  Overlord  
  13  0:17  Drone  
  14  0:31  Drone  
  14  0:32  Drone  
  16  0:53  Drone, Hatchery  
  16  0:55  Drone  
  17  0:59  Drone  
  18  1:14  Spawning Pool  
  18  1:16  Drone  
  18  1:19  Drone  
  19  1:29  Drone  
  20  1:38  Extractor  
  19  1:43  Drone  
  20  1:50  Drone  
  21  2:05  Queen x2  
  25  2:12  Overlord  
  25  2:13  Drone x2  
  27  2:23  Drone  
  27  2:28  Overlord  
  28  2:30  Drone  
  28  2:36  Drone  
  30  2:40  Overlord  
  30  2:42  Lair  
  30  2:44  Queen  
  30  2:47  Drone  
  33  2:52  Drone  
  34  2:59  Drone x2  
  36  3:06  Drone  
  36  3:12  Overlord  
  37  3:21  Drone x6  
  43  3:28  Drone  
  43  3:29  Drone  
  43  3:31  Roach Warren  
  43  3:32  Extractor  
  43  3:34  Extractor  
  43  3:38  Drone  
  43  3:39  Drone  
  44  3:49  Evolution Chamber  
  44  3:55  Drone x2  
  44  3:56  Drone x4  
  44  3:57  Drone  
  50  4:11  Roach x4  
  50  4:16  Hatchery  
  57  4:20  Glial Reconstitution  
  57  4:23  Roach  
  59  4:30  Overlord  
  59  4:31  Overlord  
  59  4:32  Zerg Missile Weapons Level 1  
  59  4:43  Overlord x2  
  59  4:48  Queen  
  61  4:59  Drone  
  62  5:01  Roach x2  
  62  5:02  Roach  
  62  5:03  Drone x2  
  62  5:06  Drone  
  71  5:07  Drone x4  
  71  5:10  Drone  
  71  5:11  Drone  
  77  5:24  Drone x3  
  80  5:30  Drone  
  80  5:35  Drone x5  
  86  5:39  Overseer  
  86  5:41  Hatchery  
  85  5:47  Hydralisk Den  
  85  5:49  Drone x5  
  89  5:59  Overlord x2  
  89  6:04  Extractor  
  88  6:05  Extractor  
  88  6:07  Extractor  
  88  6:08  Overlord  
  88  6:09  Overlord x3  
  88  6:10  Drone  
  88  6:11  Drone  
  88  6:19  Grooved Spines  
  88  6:24  Evolution Chamber  
  87  6:35  Drone x9  
  96  6:45  Zerg Missile Weapons Level 2  
  96  6:53  Evolution Chamber  
  95  6:56  Drone  
  95  6:57  Hatchery  
  95  6:59  Drone x2  
  95  7:00  Drone x8  
  105  7:02  Zerg Ground Armor Level 1  
  106  7:16  Hydralisk x12  
  106  7:17  Hydralisk x2  
  134  7:22  Hatchery  
  134  7:28  Extractor  
  134  7:29  Overlord x5  
  132  7:30  Muscular Augments, Extractor  
  131  7:37  Hydralisk  
  131  7:38  Hydralisk  
  135  8:01  Hydralisk x15  
  165  8:06  Infestation Pit  
  164  8:20  Hydralisk x9  
  164  8:26  Overlord x2  
  182  8:34  Hydralisk x4  
  182  8:35  Hydralisk  
  182  8:38  Hydralisk  
  194  8:43  Hydralisk  
  194  8:47  Hydralisk  
  194  8:48  Hydralisk  
  198  8:51  Hive  
  200  9:33  Spore Crawler  
  200  9:34  Spine Crawler  
  200  9:35  Spine Crawler  
  200  9:36  Spore Crawler  
  196  9:39  Spore Crawler, Spine Crawler x2  
  196  9:41  Spine Crawler  
  196  9:43  Spore Crawler  
  196  9:44  Spine Crawler x2  
  189  9:46  Spore Crawler  
  189  9:47  Spine Crawler  
  189  9:48  Spine Crawler  
  189  9:49  Drone x14  
  200  9:58  Spine Crawler  
  200  9:59  Drone x3  
  200  10:00  Drone x2  
  196  10:25  Hydralisk x7  
  192  10:28  Hydralisk x5  
  192  10:31  Hydralisk  
  192  10:32  Hydralisk  
  198  10:36  Hydralisk x2  
  192  10:54  Extractor  
  192  10:55  Extractor  
  192  10:56  Drone x2, Hatchery  
  192  10:57  Drone x2  
Show
View Real Time Build Order
Export as new Build Order

SuhaleS Protoss 

Build Orders:  

Get SALT Encoding   

  12  0:01  Probe  
  13  0:13  Probe  
  14  0:25  Pylon  
  14  0:31  Probe  
  15  0:43  Probe  
  15  0:48  Gateway  
  16  0:56  Probe  
  17  0:59  Assimilator  
  17  1:08  Probe  
  18  1:18  Pylon  
  18  1:21  Gateway  
  18  1:32  Probe  
  19  1:44  Probe  
  19  1:56  Probe  
  20  2:04  Cybernetics Core  
  20  2:08  Nexus, Probe  
  20  2:12  Zealot  
  23  2:21  Probe  
  24  2:33  Probe  
  24  2:37  Warp Gate (Chrono Boost)  
  25  2:45  Adept x2, Probe  
  30  2:57  Probe  
  31  2:58  Assimilator  
  31  3:17  Pylon  
  31  3:19  Adept, Probe  
  34  3:21  Pylon  
  34  3:22  Probe  
  34  3:25  Pylon  
  35  3:31  Probe  
  36  3:34  Probe  
  37  3:43  Probe  
  37  3:45  Robotics Facility  
  37  3:46  Probe, Gateway  
  39  4:18  Forge  
  39  4:45  Probe  
  38  4:49  Assimilator x2  
  38  4:53  Pylon  
  38  4:56  Stalker x2  
  38  4:57  Stalker, Probe  
  45  5:09  Probe  
  45  5:11  Immortal (Chrono Boost)  
  50  5:17  Protoss Ground Weapons Level 1 (Chrono Boost)  
  50  5:21  Probe  
  51  5:33  Probe  
  52  5:43  Immortal  
  52  5:45  Probe (Chrono Boost)  
  52  5:47  Nexus  
  57  5:50  Pylon  
  57  5:53  Pylon  
  57  5:55  Probe (Chrono Boost)  
  58  5:57  Assimilator  
  58  5:58  Assimilator  
  58  6:00  Probe (Chrono Boost)  
  59  6:08  Probe  
  60  6:11  Probe  
  61  6:20  Probe  
  61  6:22  Immortal  
  61  6:24  Probe  
  67  6:33  Probe  
  67  6:36  Probe  
  69  6:45  Probe  
  69  6:47  Photon Cannon  
  70  6:48  Probe  
  71  6:57  Probe  
  72  7:02  Observer  
  72  7:03  Probe x2  
  72  7:04  Protoss Ground Armor Level 1 (Chrono Boost)  
  75  7:09  Probe  
  75  7:15  Probe x2  
  78  7:20  Robotics Bay  
  78  7:21  Probe  
  79  7:27  Probe x2  
  81  7:33  Probe  
  82  7:39  Probe x2, Photon Cannon  
  84  7:45  Probe  
  85  7:51  Probe  
  85  7:52  Probe  
  87  7:59  Pylon  
  87  8:01  Pylon  
  87  8:06  Gateway  
  87  8:10  Gateway  
  87  8:12  Gateway  
  87  8:13  Gateway  
  87  8:18  Stalker x3, Gateway  
  93  8:21  Extended Thermal Lance (Chrono Boost)  
  93  8:35  Probe x3  
  96  8:42  Photon Cannon  
  96  8:46  Photon Cannon  
  96  8:47  Probe  
  97  8:51  Shield Battery  
  97  8:58  Colossus (Chrono Boost)  
  97  8:59  Pylon  
  103  9:31  Nexus  
  103  9:34  Pylon  
  103  9:44  Colossus (Chrono Boost)  
  109  9:48  Pylon, Assimilator  
  109  9:49  Assimilator  
  109  9:51  Pylon  
  108  10:18  Twilight Council  
  108  10:21  Gateway  
  108  10:22  Gateway  
  78  10:57  Zealot x2  
  78  10:58  Zealot x4  
  78  10:59  Zealot  
Tags
 
Add a new tag
Caveats
  • Supply blocks, unpowered buildings, or Contaminate may cause inaccurate times.
  • Supply counts are checked every 10 seconds.